 Dungeon Crawl Stone Soup version 0.19.4-8-ga85b6b9 (webtiles) character file.

9756 winWinterter the Fighter (level 11, -5/95 HPs)
             Began as a Formicid Venom Mage on Feb 11, 2017.
             Was a Priest of Cheibriados.
             Slain by an unseen horror (6 damage)
             ... on level 10 of the Dungeon.
             The game lasted 01:18:54 (12157 turns).

winWinterter the Fighter (Formicid Venom Mage)     Turns: 12157, Time: 01:18:59

Health: -5/95      AC: 12    Str: 19    XL:     11   Next: 80%
Magic:  14/17      EV: 20    Int: 22    God:    Cheibriados [***...]
Gold:   346        SH:  0    Dex: 24    Spells: 3 memorised, 10 levels left

rFire  + . .     SeeInvis +     y - +0 falchion
rCold  + . .     Gourm    .     l - +3 ring mail {rF+}
rNeg   . . .     Faith    .     (no shield)
rPois  +         Spirit   .     (helmet unavailable)
rElec  .         Reflect  .     (no cloak)
rCorr  .         Harm     .     f - +2 pair of gloves
MR     +....                    (no boots)
Stlth  +++.......               (no amulet)
                                A - ring of flight
                                m - ring of wizardry

@: agile, lethally poisoned (-5 -> -12), very slightly contaminated, studying
Shields, invisible, very slow
A: permanent stasis, dig shafts and tunnels, four strong arms, antennae 3, cold
resistance 1, sense surroundings 1, poison resistance, sturdy frame 1
a: Dig, Shaft Self, Bend Time, Temporal Distortion, Renounce Religion, Evoke
Flight


You were on level 10 of the Dungeon.
You worshipped Cheibriados.
Cheibriados was most pleased with you.
You were not hungry.

You visited 2 branches of the dungeon, and saw 10 of its levels.
You also visited: Bailey.

You collected 346 gold pieces.

Inventory:

Hand Weapons
 d - a +1 dagger of draining
 p - the +3 bardiche "Fonoh" {elec, rElec rC+ Stlth+}
   (You took it off an orc in a bailey)

   Occasionally, upon striking a foe, it will discharge some electrical energy
   and cause terrible harm.
   It protects you from cold.
   It insulates you from electricity.
   It makes you more stealthy.
 y - a +0 falchion (weapon)
 D - a +2 halberd of venom
Missiles
 i - 6 javelins of returning (quivered)
Armour
 a - a +0 robe
 f - a +2 pair of gloves (worn)
 g - a +0 leather armour
 l - a +3 ring mail of fire resistance (worn)
 n - the +2 robe "Tasaozoc" {+Fly MR+++ Int+3 Dex-4}
   (You found it on level 7 of the Dungeon)

   It affects your intelligence (+3).
   It affects your dexterity (-4).
   It affects your resistance to hostile enchantments.
   It lets you fly.
Magical Staves
 o - an uncursed staff of power
Jewellery
 m - a ring of wizardry (left hand)
 A - a ring of flight (right hand)
Wands
 r - a wand of flame (28/48)
 u - a wand of slowing (33/48)
Scrolls
 h - 5 scrolls of identify
 j - 2 scrolls of remove curse
 s - a scroll of fog
 E - a scroll of enchant armour {unknown}
Potions
 v - a potion of lignification {unknown}
 w - a potion of flight
Books
 b - a Young Poisoner's Handbook

   Spells                             Type                      Level
   a - Sting                          Conjuration/Poison           1
   b - Mephitic Cloud                 Conjuration/Poison/Air       3
   c - Olgreb's Toxic Radiance        Poison                       4
   d - Alistair's Intoxication        Transmutation/Poison         5
   e - Venom Bolt                     Conjuration/Poison           5
 t - a manual of Shields
Comestibles
 c - 9 bread rations
 B - 4 fruits
 C - 2 beef jerkies


   Skills:
 + Level 11.8 Fighting
 - Level 1.9(4.5) Short Blades
 + Level 6.5(6.7) Long Blades
 * Level 3.3 Polearms
 + Level 5.6 Armour
 + Level 4.3 Dodging
 - Level 3.2 Stealth
 * Level 4.5 Spellcasting
 * Level 4.3 Conjurations
 - Level 0.5 Air Magic
 * Level 7.6 Poison Magic
 * Level 6.1 Invocations


You had 10 spell levels left.
You knew the following spells:

 Your Spells              Type           Power        Failure   Level  Hunger
a - Sting                 Conj/Pois      ####         1%          1    None
b - Mephitic Cloud        Conj/Pois/Air  ###.....     4%          3    ##.....
c - Venom Bolt            Conj/Pois      ####......   14%         5    #####..


Dungeon Overview and Level Annotations

Branches:
Dungeon (8/15)             Temple (1/1) D:6            Lair (0/6) D:8

Altars:
Ashenzari
Cheibriados
Dithmenos
Elyvilon
Fedhas
Gozag
Hepliaklqana
Kikubaaqudgha
Makhleb
Nemelex Xobeh
Okawaru
Qazlal
Ru
Sif Muna
Trog
Uskayaw
Xom
Yredelemnul
Zin
The Shining One
Lugonu


Innate Abilities, Weirdness & Mutations

You are under a permanent stasis effect.
You can dig through walls and to a lower floor.
Your four strong arms can wield two-handed weapons with a shield.
You have a pair of large antennae on your head. (SInv)
Your flesh is cold resistant. (rC+)
You passively map a small area around you.
Your system is resistant to poisons. (rPois)
Your movements are slightly less encumbered by armour. (ER -2)


Message History

The scroll dissolves into smoke.
You feel sick. The unseen horror closely misses you.
You riposte.
You completely miss the unseen horror.
The shadow imp shouts, "Begone, thou warped spleeny malt-worm!"
The shadow imp gestures at you. Pain shoots through your body!
* * * LOW HITPOINT WARNING * * *
It was a potion of agility.
You feel agile all of a sudden.
* * * LOW HITPOINT WARNING * * *
You feel sick. The unseen horror hits you.
* * * LOW HITPOINT WARNING * * *
It was a potion of beneficial mutation.
You feel a strange attunement to the structure of the dungeons.
You feel fantastic!
* * * LOW HITPOINT WARNING * * *
You feel sick. The unseen horror barely misses you.
You riposte.
You hit the unseen horror but do no damage.
The unseen horror hits you.
You die...

* * , * #. >..
* *, # #. ..#**
, #.#.* ..# *
+## .#. #..###*
.... .. .....,
.....#§#§§.#
.....§§§§§.##.#
,*
.....§§@x§§....
.....§o#§§§##.#
.....V5 §§.....
....... #..##c.
, ....... ....
. .......
..###*, .......
.#** * ######.
.. , ,


You could see an unseen horror (invisible), a vampire, a shadow imp and an orc.

Vanquished Creatures
  A deep elf mage (D:8)
  Prince Ribbit (D:6)
  A hippogriff (D:7)
  Sigmund (D:2)
  A spriggan (D:7)
  A human (D:6)
  Duvessa (D:6)
  A black bear (D:6)
  11 orc warriors
  A phantom (D:7)
  9 centaurs
  3 ogres
  Blork the orc (D:6)
  7 bullfrogs (D:7)
  A water moccasin zombie (D:6)
  Dowan (D:6)
  2 killer bees (D:8)
  2 howler monkeys
  A bullfrog zombie (D:6)
  A centaur zombie (D:7)
  2 crimson imps
  A bullfrog skeleton (D:4)
  A jelly (D:8)
  A hound (D:5)
  An orc wizard (D:6)
  An iguana (D:3)
  A worker ant (D:4)
  Terence (D:3)
  3 hound skeletons
  8 gnolls
  13 adders
  2 shadow imps (D:7)
  2 adder zombies
  An ooze (D:2)
  An adder skeleton (D:8)
  3 worms
  2 dart slugs
  4 leopard geckos
  29 orcs
  3 giant cockroaches
  10 goblins
  10 hobgoblins
  9 jackals
  5 quokkas
  3 ball pythons
  8 bats
  10 frilled lizards
  A giant cockroach zombie (D:6)
  A jackal skeleton (D:6)
  A jackal zombie (D:5)
  8 kobolds
  A leopard gecko zombie (D:6)
  10 rats
  A fungus (D:8)
  A plant (D:8)
207 creatures vanquished.

Vanquished Creatures (collateral kills)
  A killer bee (D:8)
1 creature vanquished.

Grand Total: 208 creatures vanquished

Notes
Turn   | Place    | Note
-------+----------+-------------------------------------------
     0 | D:1      | winWinterter the Formicid Venom Mage began the quest for the Orb.
     0 | D:1      | Reached XP level 1. HP: 13/13 MP: 3/3
   354 | D:1      | Reached XP level 2. HP: 17/19 MP: 1/5
   763 | D:1      | Reached XP level 3. HP: 24/24 MP: 2/6
   897 | D:1      | Learned a level 3 spell: Mephitic Cloud
  1105 | D:2      | Reached skill level 1 in Conjurations
  1105 | D:2      | Reached XP level 4. HP: 29/31 MP: 4/7
  1397 | D:2      | Found a glowing golden altar of the Shining One.
  1491 | D:2      | Reached skill level 1 in Fighting
  1868 | D:2      | Noticed Sigmund
  1936 | D:2      | Killed Sigmund
  1936 | D:2      | Reached skill level 2 in Fighting
  1936 | D:2      | Reached XP level 5. HP: 38/38 MP: 0/9
  1936 | D:2      | Reached XP level 6. HP: 44/44 MP: 0/10
  2092 | D:2      | Found a bloodstained altar of Trog.
  2687 | D:3      | Reached skill level 1 in Short Blades
  2766 | D:3      | Noticed Terence
  2784 | D:3      | Found a shattered altar of Ashenzari.
  2818 | D:3      | Noticed a phantom
  3196 | D:4      | Noticed an ogre
  3208 | D:4      | Killed an ogre
  3372 | D:4      | Found a white marble altar of Elyvilon.
  3474 | D:4      | Noticed a phantom
  3568 | D:3      | Reached XP level 7. HP: 28/50 MP: 12/12
  4373 | D:3      | Killed Terence
  4743 | D:3      | Found a glowing silver altar of Zin.
  4858 | D:3      | Reached skill level 1 in Armour
  5125 | D:4      | Found a shimmering altar of Xom.
  5127 | D:4      | Found a white marble altar of Elyvilon.
  5127 | D:4      | Found a glowing silver altar of Zin.
  5129 | D:4      | Found a sacrificial altar of Ru.
  5129 | D:4      | Found a sacrificial altar of Ru.
  5129 | D:4      | Found a shimmering altar of Xom.
  5228 | D:4      | Found a sparkling altar of Nemelex Xobeh.
  5247 | D:4      | Found a stormy altar of Qazlal.
  5298 | D:5      | Entered Level 5 of the Dungeon
  6343 | D:4      | Gained mutation: Your flesh is cold resistant. (rC+) [potion of mutation]
  6343 | D:4      | Gained mutation: Your system is resistant to poisons. (rPois) [potion of mutation]
  6343 | D:4      | Gained mutation: Your movements are slightly less encumbered by armour. (ER -2) [potion of mutation]
  6724 | D:6      | Reached skill level 1 in Long Blades
  6747 | D:6      | Found a staircase to the Ecumenical Temple.
  6811 | Temple   | Entered the Ecumenical Temple
  6848 | Temple   | Became a worshipper of Cheibriados the Contemplative
  7028 | D:6      | Reached XP level 8. HP: 57/57 MP: 9/14
  7029 | D:6      | Noticed Dowan
  7032 | D:6      | Noticed Duvessa
  7432 | D:6      | Killed Duvessa
  7432 | D:6      | Reached skill level 3 in Fighting
  7432 | D:6      | Reached skill level 1 in Invocations
  7531 | D:6      | Killed Dowan
  7775 | D:6      | Noticed Blork the orc
  7775 | D:6      | Noticed Prince Ribbit
  7810 | D:6      | Killed Blork the orc
  8044 | D:6      | Killed Prince Ribbit
  8044 | D:6      | Reached * piety under Cheibriados
  8134 | D:6      | Reached XP level 9. HP: 58/65 MP: 7/15
  8229 | D:6      | Found a runed door.
  8231 | D:6      | Found a basalt altar of Yredelemnul.
  8262 | D:6      | Reached skill level 4 in Fighting
  8668 | D:7      | Found a flagged portal.
  8691 | Bailey   | Entered a bailey
  9118 | Bailey   | Reached ** piety under Cheibriados
  9322 | Bailey   | Reached skill level 5 in Long Blades
  9785 | Bailey   | Reached skill level 5 in Fighting
  9790 | Bailey   | Reached XP level 10. HP: 74/74 MP: 8/16
 10107 | Bailey   | Reached skill level 5 in Invocations
 10109 | Bailey   | Reached skill level 5 in Armour
 10351 | Bailey   | Got a slimy bardiche {elec}
 10524 | Bailey   | Identified the +3 bardiche "Fonoh" {elec, rElec rC+ Stlth+} (You took it off an orc in a bailey)
 10597 | D:7      | Found an iron altar of Okawaru.
 10655 | D:7      | Found a hazy altar of Hepliaklqana.
 10845 | D:7      | Found a sacrificial altar of Ru.
 11221 | D:7      | Reached skill level 1 in Polearms
 11228 | D:7      | Learned a level 5 spell: Venom Bolt
 11390 | D:7      | Reached *** piety under Cheibriados
 11504 | D:8      | Noticed a manticore
 11564 | D:8      | Noticed a deep elf mage
 11573 | D:8      | Noticed a four-headed hydra
 11679 | D:8      | Killed a deep elf mage
 11690 | D:8      | Found a staircase to the Lair.
 12093 | D:7      | Got a distressingly furry robe
 12094 | D:7      | Identified the +2 robe "Tasaozoc" {+Fly MR+++ Int+3 Dex-4} (You found it on level 7 of the Dungeon)
 12137 | D:8      | Noticed a deep elf mage
 12152 | D:8      | You fall through a shaft for 2 floors!
 12152 | D:10     | Entered Level 10 of the Dungeon
 12152 | D:10     | Noticed an unseen horror
 12154 | D:10     | Reached skill level 11 in Fighting
 12154 | D:10     | Reached XP level 11. HP: 14/95 MP: 14/17
 12155 | D:10     | HP: 4/95 [shadow imp/nerve-wracking pain (9)]
 12157 | D:10     | Gained mutation: You passively map a small area around you. [potion of beneficial mutation]
 12157 | D:10     | HP: 1/95 [poisoned by a redback]
 12157 | D:10     | Slain by an unseen horror

Skill      XL: |  1  2  3  4  5  6  7  8  9 10 |
---------------+-------------------------------+-----
Dodging        | 2 3 4 |  4.3
Poison Magic   | 6 7 |  7.6
Conjurations   | 1 2 3 4 |  4.3
Fighting       | 2 3 5 11 | 11.8
Stealth        | 3 |  3.2
Spellcasting   | 3 4 |  4.5
Short Blades   | 1 |  1.9
Armour         | 2 4 5 |  5.6
Long Blades    | 1 4 5 6 |  6.5
Invocations    | 2 4 6 |  6.1
Polearms       | 3 |  3.3
Air Magic      | |  0.5

Action                   |  1- 3 |  4- 6 |  7- 9 | 10-12 || total
-------------------------+-------+-------+-------+-------++-------
Melee: Short sword       |    44 |    84 |   198 |       ||   326
       Falchion          |       |       |   183 |    21 ||   204
       Dagger            |       |       |    21 |    32 ||    53
       Bardiche          |       |       |       |    74 ||    74
Throw: Javelin           |       |       |       |     1 ||     1
 Cast: Sting             |    41 |    57 |   182 |    46 ||   326
       Mephitic Cloud    |       |     7 |    35 |    11 ||    53
Invok: Temporal Distorti |       |       |       |     3 ||     3
       Bend Time         |       |       |       |     1 ||     1
 Abil: Shaft Self        |       |       |       |     1 ||     1
  Use: Scroll            |       |     5 |     4 |     3 ||    12
       Potion            |       |       |     5 |     7 ||    12
 Stab: Sleeping          |     1 |       |     2 |     1 ||     4
       Confused          |       |     4 |     7 |     1 ||    12
       Distracted        |       |       |       |     2 ||     2
  Eat: Chunk             |     1 |     4 |     6 |       ||    11
       Fruit             |       |     1 |     3 |       ||     4
       Royal jelly       |       |     1 |     1 |     1 ||     3
       Pizza             |       |     1 |       |       ||     1
       Meat ration       |       |       |     2 |     1 ||     3
Armor: Robe              |    20 |    21 |       |       ||    41
       Leather armour    |       |     5 |    21 |       ||    26
       Ring mail         |       |       |   173 |    77 ||   250
Dodge: Dodged            |    60 |    67 |   265 |   149 ||   541
       Rpst.: Falchion   |       |       |    34 |    11 ||    45
